 Dungeon Crawl Stone Soup version 0.27.0-1-g7a089689b8 (webtiles) character file.

Game seed: 1942989649814615868

51 ZARRMARR the Cudgeller (level 3, -5/40 HPs)
             Began as a Demonspawn Gladiator on Aug 14, 2021.
             Slain by Natasha (9 damage)
             ... on level 2 of the Dungeon.
             The game lasted 00:05:07 (1047 turns).

ZARRMARR the Cudgeller (Demonspawn Gladiator)       Turns: 1047, Time: 00:05:08

Health: -5/40      AC: 21    Str: 15    XL:     3   Next: 57%
Magic:  3/3        EV:  2    Int: 11    God:
Gold:   34         SH:  5    Dex: 14    Spells: 2/2 levels left

rFire    . . .     SeeInvis .   a - +0 flail
rCold    . . .     Faith    .   (no shield)
rNeg     + + +     Spirit   .   (armour currently unavailable)
rPois    +         Reflect  +   (helmet currently unavailable)
rElec    .         Harm     .   (cloak currently unavailable)
rCorr    .         Rampage  .   (gloves currently unavailable)
Will     .....     NoTele   +   (boots currently unavailable)
Stlth    +.........             e - amulet of reflection
HPRegen  0.13/turn              (no ring)
MPRegen  0.08/turn              (no ring)

@: tree-form (expiring)
A: stationary, stasis, torment immunity, boosted hp, (horns 1), big brain 1
a: no special abilities


You were on level 2 of the Dungeon.
You were a tree.
You visited 1 branch of the dungeon, and saw 2 of its levels.

You collected 34 gold pieces.

Inventory:

Hand Weapons
 a - a +0 flail (weapon)
Missiles
 d - a throwing net (quivered)
Armour
 k - a +3 ring mail (melded)
Jewellery
 e - an amulet of reflection (around neck)
Scrolls
 c - a scroll of identify {unknown}
 f - a scroll of magic mapping {unknown}
 h - a scroll of enchant armour {unknown}
 j - a scroll of amnesia {unknown}
Potions
 b - a potion of might
 g - a potion of brilliance {unknown}
 i - a potion of lignification


   Skills:
 + Level 2.2 Fighting
 + Level 3.2 Maces & Flails
 + Level 1.8 Throwing
 + Level 0.2 Armour
 + Level 3.1 Dodging
 * Level 0.4 Spellcasting
 * Level 0.5 Transmutations
 * Level 0.5 Earth Magic


You had 2 spell levels left.
You didn't know any spells.
Your spell library contained the following spells:

 Spells                   Type           Power      Damage    Failure   Level
 Passwall                 Tmut/Erth      0%         N/A       38%         2
 Swiftness                Air            0%         N/A       71%         3
 Invisibility             Hex            0%         N/A       100%        6


Dungeon Overview and Level Annotations

Branches:
Dungeon (2/15)

Altars:

Annotations:
D:2 Natasha


Innate Abilities, Weirdness & Mutations

You are a tree.
Your roots penetrate the ground, keeping you stationary.
You cannot be teleported.
You are immune to unholy pain and torment.
Your maximum health is greatly increased.
Your equipment is partially melded.
((You have a pair of small horns on your head.))
You have an unusually large brain. (Int +2)


Message History

Unknown command.
You start resting.
You feel yourself speed up.
You start resting.
Natasha, Servant of Life and Death comes into view.
Natasha mumbles some strange words.
You cannot move.
Throw: throwing net
Press: ? - help, Q - select action Shift-Dir - straight line, f - Natasha
Aim: Natasha (51% to hit)
Okay, then.
Natasha drinks a potion.
Natasha seems to grow stronger.
Natasha casts a spell at you.
The magic dart hits you but does no damage.
You miss Natasha.
Natasha stares at you and mumbles some strange words.
The magic dart hits you.
You hit Natasha but do no damage. Natasha claws you but does no damage.
You hit Natasha.
Natasha is lightly wounded.
Natasha claws you!
* * * LOW HITPOINT WARNING * * *
You closely miss Natasha.
Your transformation is almost over.
Natasha claws you but does no damage. x2
You barely miss Natasha. Natasha claws you but does no damage.
You hit Natasha but do no damage.
Natasha stares at you and mumbles some strange words.
You resist with significant effort.
You hit Natasha.
Natasha is moderately wounded.
Natasha claws you but does no damage.
You closely miss Natasha.
Natasha is moderately wounded.
Natasha claws you.
* * * LOW HITPOINT WARNING * * *
You barely miss Natasha.
Natasha is moderately wounded.
Natasha claws you!
You die...

...###########
.((..5h♣.....#
############.##
.. #..# .. ##.#
.# #.##.#
#..#.# ##.#.#
#.#.# #...#


You could see an iron imp (summoned) and Natasha (strong).

Vanquished Creatures
  Natasha (D:2)
  2 dart slugs
  An endoplasm (D:1)
  2 goblins (D:1)
  A hobgoblin (D:1)
  4 quokkas (D:1)
  2 ball pythons
  2 bats (D:1)
  A frilled lizard (D:1)
  5 kobolds
  A rat (D:1)
22 creatures vanquished.

Notes
Turn   | Place    | Note
-------+----------+-------------------------------------------
     0 | D:1      | ZARRMARR the Demonspawn Gladiator began the quest for the
                  | Orb.
     0 | D:1      | Reached XP level 1. HP: 16/16 MP: 1/1
   483 | D:1      | Gained mutation: You have a pair of small horns on your
                  | head. [demonic ancestry]
   483 | D:1      | Reached XP level 2. HP: 22/22 MP: 2/2
  1011 | D:2      | Noticed Natasha
  1021 | D:2      | Killed Natasha
  1022 | D:2      | Gained mutation: You have an unusually large brain. (Int
                  | +2) [demonic ancestry]
  1022 | D:2      | Reached XP level 3. HP: 17/27 MP: 3/3
  1032 | D:2      | Noticed Natasha
  1047 | D:2      | Slain by Natasha

Illustrated notes

Levels and vault maps discovered:
D:1:      evilmike_arrival_plus, layout_basic, hangedman_decor_push,
          minmay_tripent
D:2:      layout_basic, uniq_natasha

Skill      XL: |  1  2 |
---------------+-------+-----
Dodging        | 3 |  3.1
Maces & Flails | 3 |  3.2
Fighting       | |  2.2
Throwing       | |  1.8
Armour         | |  0.2
Spellcasting   | |  0.4
Transmutations | |  0.5
Earth Magic    | |  0.5

Action                   || total
-------------------------++-------
Melee: Flail             ||    66
       Headbutt          ||     5
Throw: Throwing net      ||     2
  Use: Potion            ||     1
Armor: Leather armour    ||     9
       Skin              ||     9
Dodge: Dodged            ||    20
Block: Other             ||     8
